 Dungeon Sprint DCSS version 0.27-a0-1217-g8a41f320e8 (webtiles) character file.

Game seed: 9320836931151837321

9517 mhtbhm the Bludgeoner (level 11, -9/141 HPs)
             Began as a Demonspawn Berserker on June 5, 2021.
             Was a High Priest of Trog.
             Succumbed to a ghost moth's poison
             ... in the Dungeon (Sprint IV: "Fedhas' Mad Dash").
             The game lasted 00:06:43 (4494 turns).

mhtbhm the Bludgeoner (Demonspawn Berserker)        Turns: 4494, Time: 00:06:44

Health: -9/141     AC:  5    Str: 22    XL:     11   Next: 24%
Magic:  11/11      EV: 15    Int:  8    God:    Trog [*****.]
Gold:   111        SH:  6    Dex: 12    Spells: 10/10 levels left

rFire    . . .     SeeInvis .   a - +3 great mace (freeze)
rCold    . . .     Faith    .   (shield currently unavailable)
rNeg     . . .     Spirit   .   b - +1 robe {Will+}
rPois    .         Reflect  .   (helmet restricted)
rElec    .         Harm     .   k - scarf {repulsion}
rCorr    .         Rampage  .   (no gloves)
Will     +....     NoTele   +   o - +1 pair of boots
Stlth    ..........             j - amulet of invisibility {+Inv}
HPRegen  0.33/turn              (no ring)
MPRegen  0.12/turn              (no ring)

@: berserking (expiring), lethally poisoned (-9 -> -107), very slightly
contaminated, invisible, repel missiles, very quick
A: horns 1, large bone plates 2, demonic guardian 2, powered by death 1
a: Renounce Religion, Evoke Invisibility, Berserk, Trog's Hand, Brothers in Arms


You were in the Dungeon.
You worshipped Trog.
Trog was extremely pleased with you.
You visited 1 branch You collected 189 gold pieces.
You spent 78 gold pieces at shops.

Inventory:

Hand Weapons
 a - a +3 great mace of freezing (weapon)
Missiles
 p - 8 poisoned darts (quivered)
Armour
 b - a +1 robe of willpower (worn)
 k - a scarf of repulsion (worn)
 m - a +1 buckler of protection
 o - a +1 pair of boots (worn)
 q - a +2 kite shield of protection
Jewellery
 j - the amulet of invisibility (around neck) {+Inv}
   (You found it in the Dungeon)

   [amulet of nothing]

   It lets you turn invisible.
Scrolls
 h - a scroll of blinking
 r - a scroll of torment
Potions
 d - a potion of heal wounds
 e - a potion of haste
 f - 2 potions of magic
 g - a potion of berserk rage
 n - a potion of might
Miscellaneous
 s - a phial of floods


   Skills:
 + Level 11.6 Fighting
 + Level 15.3 Maces & Flails
 + Level 2.4 Throwing
 + Level 4.0 Armour
 + Level 8.1 Dodging
 - Level 12.0 Stealth
 - Level 4.1 Shields
 + Level 10.1 Evocations


You had 10 spell levels left.
You didn't know any spells.
Your spell library was empty.

Dungeon Overview and Level Annotations

Branches:
Dungeon (1/1)

Altars:
Cheibriados
Dithmenos
Elyvilon
Gozag
Hepliaklqana
Kikubaaqudgha
Makhleb
Nemelex Xobeh
Okawaru
Qazlal
Ru
Sif Muna
Trog
Uskayaw
Vehumet
Wu Jian
Xom
Yredelemnul
Zin
The Shining One
Beogh
Jiyva
Lugonu

Shops:
D *(=*(?!!:=(


Innate Abilities, Weirdness & Mutations

You have a pair of small horns on your head.
You are mostly covered in large bone plates. (SH +6)
A demonic guardian rushes to your aid.
You regenerate a little health from kills.


Message History

Trog accepts your kill. Something hits you.
You feel clumsy.
Deactivating autopickup; reactivate with Ctrl-A.
Something hits you. Something stings you.
You closely miss something. Something hits you. Something hits you!
Something stings you.
You closely miss something.
Something hits you. x2; Something stings you.
You are poisoned.
Something poisons you!
You bludgeon something!! You freeze something. You headbutt something.
You feel extremely sick.
Unknown command.
You closely miss something. You headbutt something!
You feel extremely sick. Something hits you.
You feel dopey. Something hits you! Something stings you.
You are more poisoned.
Something poisons you!
You sock something! You freeze something. Your headbutt misses something.
* * * LOW HITPOINT WARNING * * *
You feel extremely sick. Something hits you.
* * * LOW HITPOINT WARNING * * *
Something hits you!
* * * LOW HITPOINT WARNING * * *
A demonic guardian appears!
Something barely misses you.
Unknown command.
You sock something! You freeze something. Trog accepts your kill.
Reactivating autopickup.
You feel a bit more experienced.
* * * LOW HITPOINT WARNING * * *
You feel extremely sick.
You feel your intelligence returning.
You feel your dexterity returning.
Your Maces & Flails skill increases to level 15!
Your Evocations skill increases to level 10!
Unknown command.
You die...

#...♣........'...#._.
#......♣.....#...####
#.....♣..♣..######♣♣♣
##'####'######..'....
#).#.[..'....)..#♣..♣
#..#..###.......#.♣♣.
#####################
#....T4..............
#∩..@................
#∩..............)....
#∩...................
###########+#########
... ..... ##.P..
###.. #..


You could see a friendly hellwing (summoned) and a friendly troll (summoned,
berserk).

Vanquished Creatures
  A ghost moth (D)
  A spriggan defender (D)
  A spriggan druid (D)
  A moth of wrath (D)
  6 oklob plants (D)
  2 demonic crawlers (D)
  3 burning bushes (D)
  2 hornets (D)
  3 wandering mushrooms (D)
  A queen bee (D)
  3 scorpions (D)
  4 killer bees (D)
  5 oklob saplings (D)
  6 spriggans (D)
  A river rat (D)
  A rat (D)
  A ballistomycete spore (D)
42 creatures vanquished.

Vanquished Creatures (collateral kills)
  Agnes (D)
  A spriggan berserker (D)
  A hornet (D)
3 creatures vanquished.

Vanquished Creatures (others)
  A ballistomycete spore (D)
  8 fungi (D)
9 creatures vanquished.

Grand Total: 54 creatures vanquished

Notes
Turn   | Place    | Note
-------+----------+-------------------------------------------
     0 | D        | mhtbhm the Demonspawn Berserker began the quest for the
                  | Orb.
     0 | D        | Reached XP level 1. HP: 18/18 MP: 1/1
     8 | D        | Reached skill level 3 in Maces & Flails
     8 | D        | Gained mutation: You are partially covered in large bone
                  | plates. (SH +4) [demonic ancestry]
     8 | D        | Reached XP level 2. HP: 25/25 MP: 2/2
   258 | D        | Noticed an oklob sapling
   261 | D        | Killed an oklob sapling
   261 | D        | Reached ** piety under Trog
   262 | D        | Reached skill level 4 in Maces & Flails
   262 | D        | Gained mutation: You have a pair of small horns on your
                  | head. [demonic ancestry]
   262 | D        | Reached XP level 3. HP: 32/32 MP: 3/3
   511 | D        | Noticed a scorpion
   512 | D        | Found the amulet of invisibility {+Inv}
   517 | D        | Killed a scorpion
   518 | D        | Reached skill level 5 in Fighting
   518 | D        | Reached skill level 5 in Maces & Flails
   518 | D        | Reached XP level 4. HP: 40/40 MP: 4/4
   566 | D        | Reached skill level 6 in Maces & Flails
   625 | D        | Found an opulent altar of Gozag.
   625 | D        | Found a hazy altar of Hepliaklqana.
   625 | D        | Found a burning altar of Makhleb.
   625 | D        | Found a sparkling altar of Nemelex Xobeh.
   625 | D        | Found a snail-covered altar of Cheibriados.
   625 | D        | Found a sacrificial altar of Ru.
   625 | D        | Found a shimmering blue altar of Sif Muna.
   625 | D        | Found a shimmering altar of Xom.
   625 | D        | Found a basalt altar of Yredelemnul.
   626 | D        | Found a viscous altar of Jiyva.
   626 | D        | Found a bloodstained altar of Trog.
   626 | D        | Found an ornate altar of the Wu Jian Council.
   627 | D        | Found an iron altar of Okawaru.
   627 | D        | Found a shadowy altar of Dithmenos.
   628 | D        | Found an ancient bone altar of Kikubaaqudgha.
   628 | D        | Found a hide-covered altar of Uskayaw.
   629 | D        | Found a stormy altar of Qazlal.
   630 | D        | Found a corrupted altar of Lugonu.
   630 | D        | Found a radiant altar of Vehumet.
   638 | D        | Reached skill level 1 in Stealth
   638 | D        | Reached skill level 1 in Evocations
   638 | D        | Reached XP level 5. HP: 47/47 MP: 3/5
   991 | D        | Reached *** piety under Trog
   992 | D        | Reached skill level 7 in Maces & Flails
  1193 | D        | Reached **** piety under Trog
  1194 | D        | Reached XP level 6. HP: 43/55 MP: 6/6
  1250 | D        | Found Siovvan's Weapon Shop.
  1250 | D        | Found Ejavvyud's General Store.
  1262 | D        | Noticed a burning bush
  1262 | D        | Noticed a wandering mushroom
  1263 | D        | Noticed a wandering mushroom
  1267 | D        | Reached skill level 8 in Maces & Flails
  1269 | D        | Killed a wandering mushroom
  1270 | D        | Reached skill level 9 in Maces & Flails
  1270 | D        | Reached skill level 1 in Shields
  1270 | D        | Gained mutation: You are mostly covered in large bone
                  | plates. (SH +6) [demonic ancestry]
  1270 | D        | Reached XP level 7. HP: 62/62 MP: 4/7
  1536 | D        | Killed a wandering mushroom
  1537 | D        | Reached skill level 5 in Dodging
  1537 | D        | Reached skill level 5 in Stealth
  1537 | D        | Reached skill level 5 in Evocations
  1548 | D        | Killed a burning bush
  1549 | D        | Reached skill level 10 in Maces & Flails
  1554 | D        | Found Gotea's Book Emporium.
  1554 | D        | Found Qywimo Riall's Distillery.
  1634 | D        | Noticed a queen bee
  1646 | D        | Killed a queen bee
  1647 | D        | Gained mutation: You regenerate a little health from kills.
                  | [demonic ancestry]
  1647 | D        | Reached XP level 8. HP: 69/69 MP: 6/8
  1647 | D        | Reached ***** piety under Trog
  1704 | D        | Noticed an oklob plant
  1712 | D        | Killed an oklob plant
  1869 | D        | Noticed a burning bush
  1878 | D        | Killed a burning bush
  1879 | D        | Reached skill level 11 in Maces & Flails
  2027 | D        | Noticed a burning bush
  2027 | D        | Noticed an oklob plant
  2028 | D        | Noticed a wandering mushroom
  2036 | D        | Killed a burning bush
  2037 | D        | Gained mutation: A weak demonic guardian rushes to your
                  | aid. [demonic ancestry]
  2037 | D        | Reached XP level 9. HP: 76/76 MP: 7/9
  2048 | D        | Killed an oklob plant
  2048 | D        | Received a gift from Trog
  2288 | D        | Noticed a spriggan druid
  2299 | D        | Killed a spriggan druid
  2300 | D        | Reached skill level 12 in Maces & Flails
  2300 | D        | Reached skill level 10 in Stealth
  2635 | D        | Noticed an oklob plant conjurer
  2639 | D        | Killed an oklob plant conjurer
  2739 | D        | Noticed an oklob plant
  2739 | D        | Noticed an oklob plant summoner
  2740 | D        | Noticed an oklob plant shifter
  2749 | D        | Killed an oklob plant
  2749 | D        | Received a gift from Trog
  2750 | D        | Reached XP level 10. HP: 45/83 MP: 8/10
  2755 | D        | Killed an oklob plant summoner
  2769 | D        | Killed an oklob plant shifter
  3134 | D        | Noticed Agnes
  3140 | D        | Noticed a spriggan berserker
  3142 | D        | Killed Agnes
  3143 | D        | Reached skill level 10 in Fighting
  3143 | D        | Reached skill level 13 in Maces & Flails
  3145 | D        | Noticed an elephant
  3164 | D        | Killed a spriggan berserker
  3571 | D        | Noticed a spriggan rider
  3730 | D        | Found Farphuete's Jewellery Emporium.
  3736 | D        | Found Biplimoo's Weapon Shoppe.
  3891 | D        | Noticed a moth of wrath
  3900 | D        | Killed a moth of wrath
  3901 | D        | Reached skill level 14 in Maces & Flails
  3901 | D        | Reached skill level 1 in Throwing
  4100 | D        | Found Rymnumil's Magic Scroll Emporium.
  4102 | D        | Found Xynuw's Distillery.
  4104 | D        | Noticed a spriggan defender
  4111 | D        | Killed a spriggan defender
  4111 | D        | Received a gift from Trog
  4112 | D        | Gained mutation: A demonic guardian rushes to your aid.
                  | [demonic ancestry]
  4112 | D        | Reached XP level 11. HP: 93/93 MP: 11/11
  4122 | D        | Bought 3 scrolls of identify for 78 gold pieces
  4477 | D        | Found Vyubligi's Assorted Antiques.
  4477 | D        | Found Hixedeq's Weapon Boutique.
  4477 | D        | Found Masixoc's Jewellery Emporium.
  4493 | D        | Killed a ghost moth
  4493 | D        | HP: 6/139 [poisoned by a ghost moth]
  4494 | D        | Reached skill level 15 in Maces & Flails
  4494 | D        | Reached skill level 10 in Evocations
  4494 | D        | Succumbed to a ghost moth's poison

Illustrated notes

Levels and vault maps discovered:
D:        dungeon_sprint_fedhas [sprint_temple]

Skill      XL: |  1  2  3  4  5  6  7  8  9 10 11 |
---------------+----------------------------------+-----
Maces & Flails | 3 4 5 6 7 9 10 11 12 14 15 | 15.3
Armour         | 2 3 4 |  4.0
Dodging        | 2 3 4 5 6 7 8 |  8.1
Fighting       | 4 5 6 7 8 9 11 | 11.6
Stealth        | 1 3 4 6 9 11 12 | 12.0
Evocations     | 1 2 4 6 7 9 10 | 10.1
Shields        | 1 2 3 4 |  4.1
Throwing       | 1 2 |  2.4

Action                   |  1- 3 |  4- 6 |  7- 9 | 10-12 || total
-------------------------+-------+-------+-------+-------++-------
Melee: Mace              |    10 |    32 |    89 |    39 ||   170
       Headbutt          |       |     7 |    28 |    20 ||    55
       Great mace        |       |       |       |    32 ||    32
Throw: Dart              |       |       |       |     4 ||     4
Invok: Berserk           |     3 |     3 |     8 |     4 ||    18
       Brothers in Arms  |       |       |     1 |     4 ||     5
 Abil: Evoke Invisibilit |       |     4 |     4 |     1 ||     9
  Use: Potion            |       |       |     1 |     1 ||     2
       Scroll            |       |       |       |     5 ||     5
 Stab: Sleeping          |       |     3 |     5 |     2 ||    10
       Invisible         |       |     2 |    11 |     3 ||    16
Armor: Animal skin       |       |     1 |     4 |       ||     5
       Robe              |       |       |     1 |     9 ||    10
Dodge: Dodged            |     3 |     9 |    26 |    19 ||    57
       Repelled          |       |     3 |     8 |       ||    11
Block: Other             |     2 |     1 |       |     8 ||    11
       Buckler           |       |     1 |    13 |     8 ||    22

Table legend: (Time is in decaauts)
 A = Elapsed time spent in this place.
 B = Non-inter-level travel time spent in this place.
 C = Inter-level travel time spent in this place.
 D = Time resting spent in this place.
 E = Time spent auto-exploring this place.
 F = Levels seen in this place.
 G = Mean time per level.
                   A        B        C        D        E       F      G
               +--------+--------+--------+--------+--------+-----+--------+
         Total |   4649 |   4649 |      0 |   3778 |      3 |   1 | 4649.0 |
       Dungeon |   4649 |   4649 |      0 |   3778 |      3 |   1 | 4649.0 |
               +--------+--------+--------+--------+--------+-----+--------+

Top non-repeatable levels by time:
       D: 4649 daAuts
